 Dungeon Crawl Stone Soup version 0.20.1-1-g8b1a95d (webtiles) character file.

16588 letownia2 the Reanimator (level 12, 83/105 HPs)
             Began as a Deep Dwarf Necromancer on Dec 22, 2017.
             Was an Initiate of Gozag.
             Quit the game on level 9 of the Dungeon.
             The game lasted 00:39:06 (13736 turns).

letownia2 the Reanimator (Deep Dwarf Necromancer)  Turns: 13736, Time: 00:39:07

Health: 83/105     AC: 13    Str: 19    XL:     12   Next: 11%
Magic:  26/26      EV: 11    Int: 23    God:    Gozag
Gold:   978        SH:  0    Dex: 13    Spells: 27/31 levels left

rFire    + + .     SeeInvis .   a - +0 rapier (venom)
rCold    x . .     Gourm    .   (no shield)
rNeg     . . .     Faith    .   v - +0 ring mail
rPois    .         Spirit   .   I - +0 helmet
rElec    .         Reflect  .   A - +0 cloak
rCorr    .         Harm     .   P - +1 pair of gloves
MR       +....                  N - +0 pair of boots "Xuvakhas" {*Corrode +Fly rF+ Str+4} (curse)
Stlth    +.........             y - amulet "Vusughin" {+Rage +Inv Int+5}
Regen    0.0/turn               g - +2 ring of protection
MPRegen  0.2/turn               x - ring of fire

@: non-regenerating
A: damage resistance, heal wounds, sense surroundings 2, MP-powered wands, no
regeneration
a: Heal Wounds, Potion Petition, Call Merchant, Bribe Branch, Renounce Religion,
Evoke Berserk Rage, Evoke Invisibility, Evoke Flight


You were on level 9 of the Dungeon.
You worshipped Gozag.
Gozag was pleased with you.
You were very hungry.

You visited 3 branches of the dungeon, and saw 14 of its levels.

You collected 3251 gold pieces.
You spent 256 gold pieces at shops.
You paid 2017 gold pieces to Gozag.

Inventory:

Hand Weapons
 a - a +0 rapier of venom (weapon)
 b - a +1 rapier of speed
 d - a +3 falchion of holy wrath
 e - a +0 scimitar of flaming
 h - a +0 war axe
 l - a +4 short sword of protection
 u - a +0 flail of draining
Missiles
 s - 38 tomahawks (quivered)
 E - 80 bolts
 S - 2 throwing nets
Armour
 r - a +0 buckler
 v - a +0 ring mail (worn)
 A - a +0 cloak (worn)
 B - a +0 leather armour of fire resistance
 I - a +0 helmet (worn)
 N - the cursed +0 pair of boots "Xuvakhas" (worn) {*Corrode +Fly rF+ Str+4}
   (You bought it in a shop on level 2 of the Orcish Mines)

   It affects your strength (+4).
   It protects you from fire.
   It lets you fly.
   It may corrode you when you take damage.
   It has a curse placed upon it.
 P - a +1 pair of gloves (worn)
 R - a cursed +0 leather armour
Jewellery
 g - a +2 ring of protection (left hand)
 x - a ring of fire (right hand)
 y - the amulet "Vusughin" (around neck) {+Rage +Inv Int+5}
   (You found it on level 4 of the Dungeon)

   [amulet of rage]

   It affects your intelligence (+5).
   It lets you turn invisible.
   It lets you go berserk.
Wands
 D - a wand of disintegration (15/24)
 V - a wand of iceblast (2/15)
 X - a wand of flame (17/48)
Scrolls
 i - 7 scrolls of identify
 j - a scroll of fog
 k - a scroll of blinking {unknown}
 w - 2 scrolls of recharging
 C - 2 scrolls of enchant armour
 F - 2 scrolls of amnesia
 G - 4 scrolls of remove curse
 K - a scroll of fear {unknown}
 L - a scroll of enchant weapon {unknown}
 O - 2 scrolls of teleportation
 Q - a scroll of random uselessness {unknown}
 T - 2 scrolls of brand weapon {unknown}
 U - a scroll of immolation {unknown}
 Y - a scroll of magic mapping {unknown}
Potions
 f - a potion of magic {unknown}
 m - a potion of agility
 n - 2 potions of flight {unknown}
 o - a potion of ambrosia {unknown}
 p - a potion of cancellation {unknown}
 q - 2 potions of mutation {unknown}
 t - 2 potions of lignification {unknown}
 z - 2 potions of curing
 H - a potion of degeneration {unknown}
 J - a potion of heal wounds
 M - a potion of invisibility
 Z - a potion of haste {unknown}
Comestibles
 c - 9 bread rations
 W - a meat ration


   Skills:
 + Level 6.2 Fighting
 - Level 4.1 Armour
 - Level 2.1 Dodging
 - Level 2.4 Stealth
 + Level 10.3 Spellcasting
 + Level 13.6 Necromancy
 - Level 8.2 Evocations


You had 27 spell levels left.
You knew the following spells:

 Your Spells              Type           Power        Failure   Level  Hunger
a - Pain                  Necr           ####         1%          1    None
v - Vampiric Draining     Necr           ######....   1%          3    None


Dungeon Overview and Level Annotations

Branches:
Dungeon (11/15)            Temple (1/1) D:5             Orc (2/2) D:9
    Elf (0/3) Orc:2
   Lair: D:8-11

Altars:
Ashenzari
Cheibriados
Dithmenos
Elyvilon
Gozag
Hepliaklqana
Kikubaaqudgha
Makhleb
Nemelex Xobeh
Okawaru
Qazlal
Ru
Sif Muna
Trog
Uskayaw
Vehumet
Xom
Yredelemnul
The Shining One

Shops:
D:9 [=*(   Orc:1 *:   Orc:2 %([[


Innate Abilities, Weirdness & Mutations

You are resistant to damage.
You can heal yourself by infusing magical energy.
You passively map the area around you.
You do not regenerate.
You expend magic power (3 MP) to strengthen your wands.


Message History

a leather armour; a club You are feeling very hungry.
Things that are here:
a giant spiked club; a robe; a dagger Unknown command.
(D) Dungeon (T) Temple (O) Orcish Mines (E) Elven Halls
Where to? (Enter - D:9, ? - help)
There is a staircase back to the Dungeon here.
You climb upwards.
Welcome back to the Dungeon!
There is a staircase to the Orcish Mines here.
Unknown command. [a] 984 gold - Othou's Food Shoppe [b] 729 gold - Fazeb's Jewellery Shop [c] 630 gold - Set Qajo's Book Shoppe [d] 1014 gold - Ritz's Antique Weapon Emporium Fund which merchant?
You no longer have enough gold to fund merchants seeking to open stores in the dungeon.
Fazeb invites you to visit his Jewellery Shop.
You currently need 1400 gold to open negotiations with a merchant.
Are you sure you want to abandon this character and quit the game? (Confirm with "yes".)

#......#.>
#################......#..
#...............##.....#..
#.####....(####........#..
#.#.....8.....###.########
#.#...........###.........
#..............##.........
#..8...∩>[...8..#.........
##.....[∩@................
##...........###.........
#.....8.....# ###'######
####.....#### #.........
###.#########........
#.[................
##########.##'#####
#......... #.........


There were no monsters in sight!

Vanquished Creatures
  5 two-headed ogres
  Erica (Orc:1)
  An orc high priest (Orc:2)
  2 ugly things (D:11)
  5 orc sorcerers
  A cyclops (Orc:1)
  A troll (D:11)
  2 hippogriffs
  Sigmund (D:3)
  Eustachio (D:4)
  5 yaks (D:10)
  A warg (Orc:1)
  A water moccasin (D:8)
  4 ice beasts
  19 orc warriors
  4 sky beasts
  7 ogres
  A centaur (D:8)
  A necrophage (D:8)
  A big kobold (D:7)
  A bullfrog (D:8)
  5 scorpions
  8 killer bees
  A wight (D:7)
  The ghost of letownia2 the Grave Robber, a weakling DDNe (D:3)
  4 howler monkeys
  3 crimson imps
  A centaur zombie (D:8)
  3 hounds
  2 bullfrog skeletons (D:7)
  A centaur skeleton (D:8)
  28 orc priests
  A gnoll shaman (D:4)
  3 jellies
  Ijyb (D:3)
  Natasha (twice) (D:2)
  An iguana (D:10)
  6 worker ants
  39 orc wizards
  Terence (D:3)
  A hound skeleton (D:7)
  Robin (D:2)
  4 gnolls (D:7)
  A howler monkey skeleton (D:8)
  9 adders
  4 shadow imps
  3 oozes
  2 adder skeletons
  4 worms
  A dart slug (D:1)
  3 leopard geckos
  78 orcs
  5 bats
  3 giant cockroaches
  14 goblins
  6 hobgoblins (D:2)
  5 jackals
  9 kobolds
  4 quokkas
  6 frilled lizards
  A leopard gecko skeleton (D:8)
  2 leopard gecko zombies
  2 rats (D:1)
  A spectral orc (D:3)
345 creatures vanquished.

Notes
Turn   | Place    | Note
-------+----------+-------------------------------------------
     0 | D:1      | letownia2 the Deep Dwarf Necromancer began the quest for the Orb.
     0 | D:1      | Reached XP level 1. HP: 15/15 MP: 3/3
   286 | D:3      | Reached XP level 2. HP: 22/22 MP: 0/5
   354 | D:3      | Reached skill level 5 in Necromancy
   475 | D:3      | Found a hide-covered altar of Uskayaw.
   476 | D:3      | Noticed Sigmund
   487 | D:3      | Reached XP level 3. HP: 25/28 MP: 0/6
   492 | D:3      | Learned a level 3 spell: Vampiric Draining
   558 | D:3      | Killed Sigmund
   558 | D:3      | Reached skill level 7 in Necromancy
   558 | D:3      | Reached XP level 4. HP: 30/36 MP: 0/7
   558 | D:3      | Reached XP level 5. HP: 35/42 MP: 0/8
   637 | D:3      | Found a stormy altar of Qazlal.
   639 | D:3      | Noticed an air elemental
   647 | D:3      | Found a glowing golden altar of the Shining One.
   796 | D:4      | Noticed Eustachio
  1090 | D:4      | Reached skill level 1 in Fighting
  1216 | D:4      | Reached XP level 6. HP: 11/52 MP: 1/10
  1686 | D:4      | Found a burning altar of Makhleb.
  1830 | D:4      | Got a pitted sapphire amulet
  1945 | D:4      | Killed Eustachio
  1945 | D:4      | Reached XP level 7. HP: 51/62 MP: 1/12
  2008 | D:4      | Identified the amulet "Vusughin" {+Rage +Inv Int+5} (You found it on level 4 of the Dungeon)
  2154 | D:4      | Found a white marble altar of Elyvilon.
  2228 | D:5      | Entered Level 5 of the Dungeon
  2481 | D:5      | Found a staircase to the Ecumenical Temple.
  2487 | Temple   | Entered the Ecumenical Temple
  2645 | Temple   | Became a worshipper of Gozag Ym Sagoz the Greedy
  2823 | D:5      | Reached skill level 8 in Necromancy
  3617 | D:3      | Noticed letownia2's ghost (weakling DDNe)
  3967 | D:2      | Found a sacrificial altar of Ru.
  3971 | D:2      | Noticed Natasha
  3979 | D:2      | Killed Natasha
  4199 | D:2      | Noticed Natasha
  4202 | D:2      | Killed Natasha
  4289 | D:2      | Noticed Robin
  4324 | D:2      | Killed Robin
  4643 | D:1      | Reached XP level 8. HP: 60/69 MP: 9/14
  5183 | D:3      | Noticed Terence
  5211 | D:3      | Killed letownia2's ghost
  5211 | D:3      | Reached skill level 9 in Necromancy
  5220 | D:3      | Killed Terence
  5241 | D:3      | Noticed Ijyb
  5257 | D:3      | Killed Ijyb
  5288 | D:3      | Found a basalt altar of Yredelemnul.
  5859 | D:6      | Reached skill level 5 in Spellcasting
  5910 | D:6      | Found a shattered altar of Ashenzari.
  6747 | D:7      | Gained mutation: You passively map the area around you. [Deep Dwarf growth]
  6747 | D:7      | Reached XP level 9. HP: 55/76 MP: 9/19
  7591 | D:8      | Noticed a two-headed ogre
  7617 | D:8      | Killed a two-headed ogre
  8077 | D:8      | Reached XP level 10. HP: 78/84 MP: 0/23
  8107 | D:8      | Noticed a two-headed ogre
  8283 | D:8      | Killed a two-headed ogre
  8283 | D:8      | Reached skill level 10 in Necromancy
  8468 | D:9      | Found Zasogec's General Store.
  8745 | D:9      | Reached skill level 1 in Armour
  8749 | D:9      | Noticed a two-headed ogre
  8842 | D:9      | Noticed a two-headed ogre
  8917 | D:9      | Killed a two-headed ogre
  8917 | D:9      | Reached skill level 11 in Necromancy
  8978 | D:9      | Killed a two-headed ogre
  9065 | D:9      | Reached skill level 5 in Fighting
  9332 | D:9      | Found a staircase to the Orcish Mines.
  9405 | Orc:1    | Entered Level 1 of the Orcish Mines
  9440 | Orc:1    | Found Lunorayh's General Store.
  9446 | Orc:1    | Noticed a cyclops
  9669 | Orc:1    | Killed a cyclops
  9669 | Orc:1    | Reached skill level 12 in Necromancy
  9669 | Orc:1    | Reached XP level 11. HP: 42/94 MP: 7/24
  9691 | Orc:1    | Noticed an orc sorcerer
  9700 | Orc:1    | Killed an orc sorcerer
  9751 | Orc:1    | Found Komoutt's Book Boutique.
  9792 | Orc:1    | Noticed Erica
  9806 | Orc:1    | Killed Erica
  9865 | Orc:2    | Entered Level 2 of the Orcish Mines
  9955 | D:10     | Entered Level 10 of the Dungeon
 10170 | D:10     | Reached skill level 13 in Necromancy
 10511 | D:10     | Noticed a two-headed ogre
 10521 | D:10     | Killed a two-headed ogre
 10670 | D:11     | Noticed a purple ugly thing
 10698 | D:11     | Killed a purple ugly thing
 10698 | D:11     | Reached skill level 5 in Evocations
 10811 | D:11     | Noticed a green ugly thing
 10868 | D:11     | Killed a green ugly thing
 11400 | Orc:2    | Found a staircase to the Elven Halls.
 11871 | Orc:2    | Noticed an orc sorcerer
 11874 | Orc:2    | Paralysed by an orc sorcerer for 2 turns
 11887 | Orc:2    | Killed an orc sorcerer
 12388 | Orc:2    | Reached skill level 10 in Spellcasting
 12677 | Orc:2    | Noticed an orc sorcerer
 12688 | Orc:2    | Killed an orc sorcerer
 13249 | Orc:2    | Found Vutao's Weapon Boutique.
 13249 | Orc:2    | Found Agethuy's Food Boutique.
 13249 | Orc:2    | Noticed an orc sorcerer
 13249 | Orc:2    | Noticed an orc high priest
 13285 | Orc:2    | Killed an orc high priest
 13285 | Orc:2    | Reached XP level 12. HP: 64/105 MP: 1/26
 13459 | Orc:2    | Gained mutation: You expend magic power (3 MP) to strengthen your wands. [a neqoxec]
 13517 | Orc:2    | Found Qith's Antique Armour Shop.
 13520 | Orc:2    | Found Kabbeus's Antique Armour Shop.
 13530 | Orc:2    | Bought a pair of fine boots for 256 gold pieces
 13538 | Orc:2    | Identified the cursed +0 pair of boots "Xuvakhas" {*Corrode +Fly rF+ Str+4} (You bought it in a shop on level 2 of the Orcish Mines)
 13673 | Orc:2    | Noticed an ettin
 13736 | D:9      | Quit the game

Skill      XL: |  1  2  3  4  5  6  7  8  9 10 11 |
---------------+----------------------------------+-----
Spellcasting   | 2 3 4 7 9 10 | 10.3
Necromancy     | 5 7 8 9 12 13 | 13.6
Fighting       | 1 3 5 6 |  6.2
Armour         | 4 |  4.1
Evocations     | 8 |  8.2
Dodging        | |  2.1
Stealth        | |  2.4

Action                   |  1- 3 |  4- 6 |  7- 9 | 10-12 || total
-------------------------+-------+-------+-------+-------++-------
Melee: Whip              |     4 |    11 |       |       ||    15
       Dagger            |     7 |    15 |    17 |       ||    39
       Rapier            |       |       |   203 |   348 ||   551
Throw: Tomahawk          |       |       |     4 |       ||     4
 Cast: Pain              |    26 |     6 |   211 |    17 ||   260
       Vampiric Draining |     2 |    28 |    66 |   255 ||   351
Invok: Call Merchant     |       |       |       |     3 ||     3
 Abil: Evoke Berserk Rag |       |       |       |     2 ||     2
       Evoke Invisibilit |       |       |       |     2 ||     2
Evoke: Wand              |       |       |     7 |     7 ||    14
  Use: Scroll            |       |       |     1 |     8 ||     9
       Potion            |       |       |       |     1 ||     1
  Eat: Chunk             |       |     6 |     3 |       ||     9
       Meat ration       |       |       |     2 |     3 ||     5
       Royal jelly       |       |       |     3 |     1 ||     4
       Bread ration      |       |       |     1 |       ||     1
Armor: Robe              |     6 |    12 |       |       ||    18
       Ring mail         |       |     7 |   104 |   209 ||   320
Dodge: Dodged            |     9 |    35 |   145 |   318 ||   507
Block: Buckler           |       |     4 |     4 |       ||     8
